General information
- name: BNet
- type: Ladder team game (AT/RT)
- host: Battle.net
- saver: TheGoldenDawn
map: Friends
- players: 8
- length: 61:44
- speed: Fast
- version: 1.26 W3XP
- replay type: Public
» download(301 KB)
Players
team 1 (winner)

»
onima (
blue | 27 APM | 408 actions | 15:03)
2 Archmage
1 Summon Water Elemental
1 Brilliance Aura
» actions
| Assign group hotkey | 14 | |
| Build / train | 58 | |
| Enter build submenu | 22 | |
| Enter hero's abilities submenu | 2 | |
| Right click | 121 | |
| Select / deselect | 146 | |
| Select group hotkey | 15 | |
| Use ability | 30 | |
408 total
» units
| Peasant | 10 | |
| Footman | 12 | |
| Flying Machine | 20 | |
42 total
» upgrades
| Masonry | 1 | |
| Gunpowder | 2 | |
| Plating | 2 | |
| Lumber Harvesting | 2 | |
| Flying Machine Bombs | 1 | |
| Flak Cannons | 1 | |
9 total
» buildings
| Altar of Kings | 1 | |
| Farm | 12 | |
| Barracks | 1 | |
| Lumber Mill | 2 | |
| Arcane Vault | 1 | |
| Blacksmith | 1 | |
| Keep | 1 | |
| Workshop | 3 | |
| Castle | 1 | |
23 total
» build order
00:27 Altar of Kings
00:42 Farm
01:02 Barracks
01:21 Lumber Mill
01:34 Farm
02:12 Arcane Vault
02:42 Farm
03:23 Blacksmith
03:56 Farm
04:56 Farm
04:57 Keep
05:51 Farm
06:59 Farm
07:25 Workshop
07:31 Workshop
07:53 Lumber Mill
07:57 Farm
08:09 Workshop
08:24 Castle
08:38 Farm
09:25 Farm
11:36 Farm
12:51 Farm
» items
TheGoldenDawn (
red | 80 APM | 4909 actions | 61:44)
10 Blood Mage
3 Flame Strike
3 Siphon Mana
1 Summon Phoenix
3 Banish
» actions
| Assign group hotkey | 62 | |
| Basic commands | 338 | |
| Build / train | 274 | |
| ESC pressed | 2 | |
| Enter build submenu | 77 | |
| Enter hero's abilities submenu | 10 | |
| Give item / drop item | 7 | |
| Right click | 1866 | |
| Select / deselect | 773 | |
| Select group hotkey | 1220 | |
| Use ability | 280 | |
4909 total
» units
| Peasant | 18 | |
| Footman | 10 | |
| Gryphon Rider | 18 | |
| Sorceress | 5 | |
| Dragonhawk Rider | 8 | |
| Goblin Shredder | 2 | |
| Goblin Zeppelin | 1 | |
| Siege Engine | 6 | |
| Goblin Sapper | 15 | |
| Knight | 5 | |
88 total
» upgrades
| Swords | 4 | |
| Armor | 3 | |
| Lumber Harvesting | 2 | |
| Masonry | 5 | |
| Animal War Training | 1 | |
| Sorceress Training | 2 | |
| Magic Sentry | 1 | |
| Storm Hammers | 1 | |
| Cloud | 1 | |
| Priest Training | 2 | |
| Control Magic | 1 | |
| Plating | 3 | |
| Gunpowder | 3 | |
| Defend | 1 | |
| Long Rifles | 1 | |
| Barrage | 1 | |
| Flak Cannons | 1 | |
| Flying Machine Bombs | 1 | |
| Fragmentation Shards | 1 | |
| Flare | 1 | |
| Backpack | 1 | |
37 total
» buildings
| Altar of Kings | 1 | |
| Barracks | 5 | |
| Farm | 14 | |
| Scout Tower | 39 | |
| Arcane Tower | 3 | |
| Arcane Vault | 1 | |
| Keep | 4 | |
| Blacksmith | 1 | |
| Castle | 2 | |
| Lumber Mill | 1 | |
| Gryphon Aviary | 2 | |
| Arcane Sanctum | 1 | |
| Town Hall | 4 | |
| Guard Tower | 54 | |
| Workshop | 3 | |
135 total
» build order
00:03 Altar of Kings
00:08 Barracks
00:12 Farm
00:53 Farm
01:39 Scout Tower
01:58 Farm
02:07 Arcane Tower
02:07 Arcane Tower
02:41 Arcane Vault
03:36 Farm
03:40 Farm
04:25 Keep
04:25 Keep
04:25 Keep
04:54 Blacksmith
05:02 Farm
05:25 Farm
06:47 Castle
06:48 Castle
07:09 Lumber Mill
08:23 Gryphon Aviary
08:25 Gryphon Aviary
09:11 Arcane Sanctum
16:46 Scout Tower
16:48 Scout Tower
17:21 Town Hall
17:25 Town Hall
17:32 Guard Tower
17:33 Guard Tower
17:33 Guard Tower
17:33 Guard Tower
18:11 Scout Tower
18:12 Scout Tower
18:13 Scout Tower
18:16 Scout Tower
18:21 Scout Tower
19:11 Guard Tower
21:49 Guard Tower
21:50 Guard Tower
21:50 Guard Tower
21:56 Farm
22:18 Farm
22:19 Farm
22:21 Farm
22:23 Farm
22:24 Farm
22:26 Farm
25:28 Scout Tower
25:29 Scout Tower
25:32 Scout Tower
25:36 Scout Tower
25:39 Scout Tower
26:24 Town Hall
26:27 Scout Tower
26:35 Guard Tower
26:36 Guard Tower
26:43 Scout Tower
26:46 Scout Tower
26:50 Scout Tower
26:56 Guard Tower
26:57 Guard Tower
27:08 Workshop
27:10 Workshop
27:13 Workshop
27:15 Guard Tower
27:17 Guard Tower
27:18 Guard Tower
27:22 Guard Tower
27:22 Guard Tower
27:22 Guard Tower
27:44 Guard Tower
27:44 Guard Tower
27:51 Scout Tower
27:51 Scout Tower
27:53 Scout Tower
27:54 Scout Tower
27:58 Scout Tower
28:24 Guard Tower
28:24 Guard Tower
28:24 Guard Tower
28:28 Scout Tower
28:30 Guard Tower
28:30 Guard Tower
28:33 Scout Tower
28:34 Scout Tower
28:58 Scout Tower
28:59 Scout Tower
29:01 Scout Tower
29:38 Guard Tower
29:43 Guard Tower
29:46 Scout Tower
29:50 Scout Tower
30:41 Scout Tower
30:43 Scout Tower
30:44 Scout Tower
30:46 Scout Tower
30:48 Scout Tower
31:07 Scout Tower
31:08 Scout Tower
31:09 Scout Tower
31:11 Scout Tower
31:30 Guard Tower
31:30 Guard Tower
31:30 Guard Tower
31:59 Guard Tower
31:59 Guard Tower
31:59 Guard Tower
32:00 Guard Tower
32:25 Guard Tower
32:25 Guard Tower
32:25 Guard Tower
43:49 Barracks
43:52 Barracks
43:57 Barracks
44:01 Barracks
61:17 Town Hall
» items
| Scroll of Regeneration | 19 | |
| Lesser Clarity Potion | 7 | |
| Scroll of Town Portal | 13 | |
| Orb of Fire | 1 | |
| Potion of Healing | 7 | |
| Staff of Sanctuary | 1 | |
| Mechanical Critter | 1 | |
49 total

»
NoobOnYourTeam (
teal | 29 APM | 1783 actions | 61:44)
4 Death Knight
2 Death Coil
2 Unholy Aura
3 Dreadlord
2 Sleep
1 Vampiric Aura
2 Lich
1 Frost Nova
1 Frost Armor
» actions
| Assign group hotkey | 18 | |
| Build / train | 95 | |
| Enter build submenu | 67 | |
| Enter hero's abilities submenu | 9 | |
| Remove unit from queue | 1 | |
| Right click | 1091 | |
| Select / deselect | 309 | |
| Select group hotkey | 40 | |
| Use ability | 150 | |
1783 total
» units
| Acolyte | 16 | |
| Ghoul | 5 | |
| Crypt Fiend | 8 | |
| Frost Wyrm | 1 | |
30 total
» upgrades
| Creature Attack | 3 | |
| Web | 1 | |
| Burrow | 1 | |
| Creature Carapace | 2 | |
| Masonry | 1 | |
| Freezing Breath | 1 | |
9 total
» buildings
| Altar of Darkness | 1 | |
| Ziggurat | 10 | |
| Crypt | 1 | |
| Graveyard | 1 | |
| Nerubian Tower | 3 | |
| Halls of the Dead | 1 | |
| Spirit Tower | 3 | |
| Black Citadel | 1 | |
| Tomb of Relics | 1 | |
| Scout Tower | 37 | |
| Guard Tower | 31 | |
| Arcane Tower | 1 | |
| Sacrificial Pit | 1 | |
| Lumber Mill | 1 | |
| Boneyard | 3 | |
96 total
» build order
00:14 Altar of Darkness
00:17 Ziggurat
00:34 Crypt
01:01 Graveyard
01:12 Nerubian Tower
01:28 Ziggurat
03:39 Halls of the Dead
04:58 Ziggurat
05:01 Spirit Tower
06:35 Spirit Tower
06:40 Ziggurat
06:44 Black Citadel
07:45 Spirit Tower
10:28 Tomb of Relics
17:23 Scout Tower
18:03 Guard Tower
18:06 Scout Tower
18:16 Scout Tower
18:24 Scout Tower
18:39 Arcane Tower
18:42 Scout Tower
18:53 Guard Tower
18:57 Scout Tower
19:05 Guard Tower
19:10 Scout Tower
19:11 Guard Tower
19:13 Scout Tower
19:27 Guard Tower
20:02 Scout Tower
20:11 Guard Tower
21:13 Guard Tower
21:16 Scout Tower
21:19 Scout Tower
21:51 Guard Tower
21:55 Scout Tower
22:00 Scout Tower
23:11 Guard Tower
23:16 Scout Tower
23:21 Scout Tower
24:26 Guard Tower
24:31 Guard Tower
25:55 Scout Tower
26:10 Sacrificial Pit
26:43 Scout Tower
27:13 Guard Tower
27:16 Scout Tower
28:01 Scout Tower
28:43 Guard Tower
28:51 Lumber Mill
29:45 Boneyard
29:58 Boneyard
30:05 Boneyard
30:12 Ziggurat
30:20 Ziggurat
30:23 Ziggurat
30:28 Ziggurat
30:32 Ziggurat
30:40 Ziggurat
31:19 Scout Tower
31:22 Nerubian Tower
31:35 Nerubian Tower
31:52 Guard Tower
31:57 Scout Tower
32:32 Guard Tower
35:54 Scout Tower
36:01 Scout Tower
36:09 Scout Tower
36:36 Scout Tower
36:37 Guard Tower
36:42 Scout Tower
36:44 Guard Tower
36:53 Scout Tower
36:55 Guard Tower
37:11 Guard Tower
37:15 Scout Tower
37:21 Guard Tower
37:24 Guard Tower
37:32 Scout Tower
37:36 Scout Tower
37:46 Guard Tower
37:49 Scout Tower
38:00 Scout Tower
38:02 Guard Tower
38:09 Scout Tower
38:10 Guard Tower
38:22 Guard Tower
38:30 Guard Tower
38:37 Scout Tower
38:40 Guard Tower
38:48 Scout Tower
39:02 Scout Tower
39:08 Guard Tower
39:17 Guard Tower
39:32 Guard Tower
39:44 Scout Tower
40:32 Guard Tower
» items
| Scroll of Regeneration | 1 | |
| Potion of Healing | 1 | |
| Scroll of Town Portal | 1 | |
3 total
KOBE24 (
orange | 8 APM | 127 actions | 14:58)
1 Paladin
1 Divine Shield
1 Goblin Alchemist
1 Acid Bomb
» actions
| Build / train | 29 | |
| Enter build submenu | 7 | |
| Enter hero's abilities submenu | 4 | |
| Remove unit from queue | 2 | |
| Right click | 34 | |
| Select / deselect | 33 | |
| Use ability | 18 | |
127 total
» units
» buildings
| Farm | 12 | |
| Altar of Kings | 1 | |
| Lumber Mill | 1 | |
| Blacksmith | 1 | |
| Keep | 1 | |
| Gryphon Aviary | 3 | |
| Castle | 1 | |
20 total
» build order
00:04 Farm
00:10 Farm
00:13 Altar of Kings
04:12 Lumber Mill
04:16 Blacksmith
05:41 Keep
06:32 Farm
06:33 Farm
06:33 Farm
06:34 Farm
06:36 Farm
06:37 Farm
06:38 Farm
06:38 Farm
06:39 Farm
06:40 Farm
09:32 Gryphon Aviary
09:33 Gryphon Aviary
09:36 Gryphon Aviary
10:25 Castle
team 2 (loser)
FrEaKoNaLeAsh21 (
pink | 15 APM | 741 actions | 50:08)
2 Paladin
1 Holy Light
1 Devotion Aura
1 Firelord
1 Summon Lava Spawn
» actions
| Build / train | 65 | |
| Enter build submenu | 40 | |
| Enter hero's abilities submenu | 3 | |
| Right click | 199 | |
| Select / deselect | 388 | |
| Use ability | 46 | |
741 total
» units
| Peasant | 16 | |
| Footman | 7 | |
| Rifleman | 9 | |
| Priest | 2 | |
| Gryphon Rider | 3 | |
| Dragonhawk Rider | 3 | |
40 total
» upgrades
| Gunpowder | 2 | |
| Priest Training | 2 | |
| Cloud | 1 | |
| Storm Hammers | 1 | |
| Armor | 1 | |
7 total
» buildings
| Barracks | 1 | |
| Altar of Kings | 1 | |
| Farm | 11 | |
| Keep | 1 | |
| Blacksmith | 1 | |
| Arcane Vault | 1 | |
| Arcane Sanctum | 2 | |
| Workshop | 1 | |
| Scout Tower | 11 | |
| Castle | 1 | |
| Lumber Mill | 1 | |
| Cannon Tower | 3 | |
| Guard Tower | 3 | |
| Arcane Tower | 2 | |
| Gryphon Aviary | 2 | |
42 total
» build order
00:14 Barracks
01:22 Altar of Kings
02:06 Farm
02:17 Farm
04:08 Keep
05:26 Blacksmith
06:41 Arcane Vault
06:46 Farm
07:54 Arcane Sanctum
08:53 Arcane Sanctum
11:06 Farm
12:02 Farm
13:14 Workshop
14:35 Scout Tower
14:40 Scout Tower
15:04 Farm
15:24 Scout Tower
15:29 Scout Tower
16:01 Scout Tower
16:06 Scout Tower
16:40 Scout Tower
17:00 Castle
17:19 Lumber Mill
18:14 Farm
18:41 Cannon Tower
18:43 Guard Tower
18:46 Arcane Tower
18:50 Cannon Tower
19:24 Guard Tower
19:28 Arcane Tower
20:05 Cannon Tower
20:07 Guard Tower
20:30 Farm
20:53 Gryphon Aviary
21:17 Farm
22:15 Gryphon Aviary
23:27 Scout Tower
23:31 Scout Tower
24:08 Scout Tower
24:12 Scout Tower
25:56 Farm
26:00 Farm
» items
| Potion of Healing | 2 | |
| Ivory Tower | 1 | |
3 total
D.R.U.G.S (
purple | 59 APM | 3645 actions | 61:44)
8 Blood Mage
3 Flame Strike
2 Siphon Mana
1 Summon Phoenix
2 Banish
» actions
| Assign group hotkey | 401 | |
| Basic commands | 233 | |
| Build / train | 120 | |
| Enter build submenu | 63 | |
| Enter hero's abilities submenu | 8 | |
| Give item / drop item | 6 | |
| Remove unit from queue | 6 | |
| Right click | 1203 | |
| Select / deselect | 550 | |
| Select group hotkey | 741 | |
| Use ability | 314 | |
3645 total
» units
| Peasant | 15 | |
| Footman | 5 | |
| Goblin Shredder | 3 | |
| Sorceress | 4 | |
| Gryphon Rider | 6 | |
| Mortar Team | 2 | |
| Dragonhawk Rider | -2 | |
33 total
» upgrades
| Lumber Harvesting | 1 | |
| Masonry | 3 | |
| Sorceress Training | 1 | |
| Magic Sentry | 1 | |
| Swords | 3 | |
| Armor | 3 | |
| Animal War Training | 1 | |
| Storm Hammers | 1 | |
| Flak Cannons | 1 | |
| Fragmentation Shards | 1 | |
| Flare | 1 | |
| Gunpowder | 3 | |
| Plating | 3 | |
| Cloud | 1 | |
24 total
» buildings
| Altar of Kings | 1 | |
| Barracks | 1 | |
| Farm | 17 | |
| Arcane Vault | 3 | |
| Keep | 1 | |
| Lumber Mill | 2 | |
| Scout Tower | 30 | |
| Arcane Tower | 1 | |
| Arcane Sanctum | 2 | |
| Town Hall | 3 | |
| Guard Tower | 6 | |
| Castle | 1 | |
| Blacksmith | 2 | |
| Gryphon Aviary | 6 | |
| Workshop | 3 | |
79 total
» build order
00:50 Altar of Kings
00:53 Barracks
01:01 Farm
01:05 Farm
01:13 Farm
01:52 Farm
01:57 Farm
02:19 Arcane Vault
03:34 Keep
04:31 Lumber Mill
04:40 Scout Tower
05:33 Farm
05:51 Arcane Tower
05:56 Arcane Sanctum
06:07 Arcane Sanctum
08:08 Town Hall
08:50 Scout Tower
08:51 Scout Tower
08:53 Scout Tower
08:54 Scout Tower
08:55 Scout Tower
08:56 Scout Tower
08:57 Scout Tower
08:57 Scout Tower
08:59 Scout Tower
09:57 Guard Tower
10:00 Castle
10:23 Guard Tower
10:29 Lumber Mill
10:50 Farm
12:41 Scout Tower
12:42 Scout Tower
12:43 Scout Tower
12:44 Scout Tower
12:45 Scout Tower
12:46 Scout Tower
12:47 Scout Tower
12:48 Scout Tower
12:48 Scout Tower
12:49 Scout Tower
13:36 Guard Tower
13:50 Guard Tower
14:01 Guard Tower
16:46 Blacksmith
16:47 Blacksmith
17:06 Gryphon Aviary
17:07 Gryphon Aviary
17:07 Gryphon Aviary
17:12 Gryphon Aviary
17:12 Gryphon Aviary
17:13 Gryphon Aviary
19:53 Workshop
19:54 Workshop
19:54 Workshop
21:44 Town Hall
21:50 Arcane Vault
22:03 Farm
27:13 Town Hall
51:56 Farm
51:56 Farm
51:59 Farm
52:47 Farm
53:10 Arcane Vault
54:13 Scout Tower
54:13 Scout Tower
54:14 Scout Tower
54:14 Scout Tower
54:14 Scout Tower
54:17 Scout Tower
54:18 Scout Tower
54:18 Scout Tower
54:20 Scout Tower
54:22 Scout Tower
54:40 Farm
54:53 Guard Tower
54:56 Farm
54:57 Farm
54:58 Farm
56:03 Farm
» items
| Scroll of Regeneration | 7 | |
| Lesser Clarity Potion | 5 | |
| Potion of Mana | 7 | |
| Potion of Healing | 7 | |
| Ankh of Reincarnation | 1 | |
| Scroll of Town Portal | 4 | |
| Runed Bracers | 2 | |
| Sobi Mask | 1 | |
| Mana Stone | 1 | |
| Orb of Corruption | 1 | |
| Healing Wards | 1 | |
| Scroll of Restoration | 1 | |
| The Lion Horn of Stormwind | 1 | |
39 total
B0RN_IN_USSR. (
yellow | 57 APM | 3203 actions | 56:23)
6 Tauren Chieftain
3 Shockwave
2 Endurance Aura
1 Reincarnation
2 Shadow Hunter
1 Hex
1 Healing Wave
» actions
| Assign group hotkey | 67 | |
| Basic commands | 155 | |
| Build / train | 114 | |
| Enter build submenu | 36 | |
| Enter hero's abilities submenu | 8 | |
| Give item / drop item | 2 | |
| Right click | 1028 | |
| Select / deselect | 436 | |
| Select group hotkey | 1082 | |
| Use ability | 274 | |
3203 total
» units
| Peon | 29 | |
| Troll Headhunter/Berserker | 6 | |
| Goblin Shredder | 5 | |
| Wind Rider | 8 | |
| Demolisher | 1 | |
| Troll Batrider | 5 | |
| Raider | 2 | |
56 total
» upgrades
| Ranged Weapons | 3 | |
| Armor | 3 | |
| Troll Regeneration | 1 | |
| Reinforced Defenses | 1 | |
| Berserker Upgrade | 1 | |
| Envenomed Spears | 1 | |
| Spiked Barricades | 2 | |
| Ensnare | 1 | |
| Liquid Fire | 1 | |
| Melee Weapons | 2 | |
16 total
» buildings
| Orc Burrow | 16 | |
| War Mill | 2 | |
| Barracks | 2 | |
| Altar of Storms | 2 | |
| Voodoo Lounge | 6 | |
| Stronghold | 11 | |
| Fortress | 3 | |
| Beastiary | 10 | |
| Great Hall | 3 | |
| Watch Tower | 36 | |
91 total
» build order
00:22 Orc Burrow
01:06 War Mill
01:11 Barracks
01:16 Barracks
01:35 Altar of Storms
02:06 Orc Burrow
02:47 Orc Burrow
03:13 Voodoo Lounge
03:48 Stronghold
03:49 Stronghold
03:49 Stronghold
04:29 Orc Burrow
05:43 Voodoo Lounge
05:46 Voodoo Lounge
07:06 Fortress
07:54 Beastiary
09:42 Great Hall
10:10 Watch Tower
10:10 Watch Tower
10:11 Watch Tower
10:13 Watch Tower
10:14 Watch Tower
10:14 Watch Tower
10:15 Watch Tower
10:15 Watch Tower
10:16 Watch Tower
10:16 Watch Tower
10:17 Watch Tower
10:18 Watch Tower
10:18 Watch Tower
10:20 Watch Tower
10:22 Watch Tower
10:22 Watch Tower
14:35 Watch Tower
14:36 Watch Tower
14:36 Watch Tower
14:36 Watch Tower
14:43 Watch Tower
14:44 Watch Tower
14:45 Watch Tower
15:16 Beastiary
15:26 Beastiary
15:31 Beastiary
15:43 Orc Burrow
15:44 Orc Burrow
15:45 Orc Burrow
21:12 Watch Tower
21:13 Watch Tower
21:48 Watch Tower
21:50 Watch Tower
21:51 Watch Tower
25:57 Great Hall
26:00 Great Hall
26:09 Voodoo Lounge
26:33 Voodoo Lounge
26:36 Stronghold
26:36 Stronghold
27:16 Voodoo Lounge
27:22 Watch Tower
27:22 Watch Tower
27:23 Watch Tower
27:23 Watch Tower
27:24 Watch Tower
27:24 Watch Tower
27:25 Watch Tower
27:26 Watch Tower
29:11 Fortress
38:22 Stronghold
38:22 Stronghold
38:26 Beastiary
38:27 Beastiary
38:27 Beastiary
38:28 Beastiary
38:29 Beastiary
38:30 Beastiary
40:17 Orc Burrow
40:17 Orc Burrow
40:17 Orc Burrow
40:18 Orc Burrow
40:19 Orc Burrow
41:41 Altar of Storms
41:44 Stronghold
41:44 Stronghold
44:02 War Mill
44:13 Orc Burrow
44:13 Orc Burrow
44:48 Orc Burrow
» items
| Healing Salve | 3 | |
| Potion of Healing | 2 | |
| Tiny Great Hall | 1 | |
| Scroll of Town Portal | 3 | |
| Orb of Lightning | 1 | |
| Potion of Mana | 1 | |
| Scroll of Regeneration | 2 | |
| Orb of Fire | 1 | |
14 total
willish1 (
green | 41 APM | 2003 actions | 48:53)
6 Crypt Lord
1 Carrion Beetles
3 Spiked Carapace
1 Impale
1 Locust Swarm
6 Death Knight
3 Death Coil
3 Unholy Aura
1 Lich
1 Frost Nova
» actions
| Assign group hotkey | 30 | |
| Basic commands | 103 | |
| Build / train | 72 | |
| Enter build submenu | 21 | |
| Enter hero's abilities submenu | 13 | |
| Give item / drop item | 1 | |
| Right click | 764 | |
| Select / deselect | 354 | |
| Select group hotkey | 564 | |
| Use ability | 81 | |
2003 total
» units
| Acolyte | 23 | |
| Ghoul | 3 | |
| Crypt Fiend | 7 | |
| Obsidian Statue | 3 | |
| Frost Wyrm | 4 | |
40 total
» upgrades
| Creature Attack | 3 | |
| Creature Carapace | 3 | |
| Web | 1 | |
| Destroyer Form | 1 | |
| Freezing Breath | 1 | |
9 total
» buildings
| Crypt | 1 | |
| Altar of Darkness | 1 | |
| Ziggurat | 9 | |
| Graveyard | 1 | |
| Tomb of Relics | 1 | |
| Nerubian Tower | 1 | |
| Spirit Tower | 1 | |
| Halls of the Dead | 1 | |
| Slaughterhouse | 1 | |
| Black Citadel | 1 | |
| Sacrificial Pit | 1 | |
| Boneyard | 2 | |
21 total
» build order
00:25 Crypt
00:41 Altar of Darkness
00:47 Ziggurat
01:04 Graveyard
02:14 Ziggurat
02:32 Tomb of Relics
02:37 Nerubian Tower
03:18 Spirit Tower
04:01 Halls of the Dead
04:56 Ziggurat
05:47 Ziggurat
07:13 Slaughterhouse
07:47 Black Citadel
09:05 Sacrificial Pit
10:26 Boneyard
11:14 Boneyard
11:50 Ziggurat
11:58 Ziggurat
16:08 Ziggurat
19:16 Ziggurat
22:15 Ziggurat
» items
| Scroll of Regeneration | 2 | |
| The Lion Horn of Stormwind | 1 | |
3 total
Chat log
(00:09 / All) B0RN_IN_USSR.: HOLA AMIGOS
(00:12 / All) B0RN_IN_USSR.: I AM RUSSIAN BORN
(00:19 / All) D.R.U.G.S: Kevin Love #1
(00:24 / All) FrEaKoNaLeAsh21: kewl
(00:25 / All) TheGoldenDawn: You mean privet
(00:26 / All) TheGoldenDawn: Not hola
(00:27 / All) TheGoldenDawn: dumbass
(00:38 / All) KOBE24: HEY FAG REMEBER WHEN I DESTROYED YOU
(00:40 / All) TheGoldenDawn: You are an American, jake. Don't lie
(00:46 / All) KOBE24: YOU NON BORN CITIZEN
(00:47 / All) B0RN_IN_USSR.: WHEN KOBE
(00:51 / All) B0RN_IN_USSR.: IN COLORADO?
(01:05 / All) KOBE24: WHEN HE DROPPED 81 POINTS IN YOUR FUCKING FACE
(01:47 / All) D.R.U.G.S: yellow is garbage, shit
(01:47 / All) KOBE24: go back to where u came from
(01:55 / All) KOBE24: hahahahahhahahahah
(01:55 / All) B0RN_IN_USSR.: ITS CALLED A HHH BUILD NOOB
(02:09 / All) D.R.U.G.S: you suck son
(02:14 / All) KOBE24: lol
(02:20 / All) B0RN_IN_USSR.: I AM #3 FU KOBE
(02:28 / All) KOBE24: ?
(02:35 / All) TheGoldenDawn: lucky to even have a number flamechamp
(02:36 / All) D.R.U.G.S: Kevin Love #1
(02:51 / All) KOBE24: no lebron is the best right now
(02:56 / All) B0RN_IN_USSR.: FAMILY GUY > SOUTH PARTH
(02:58 / All) D.R.U.G.S: Shut teh fuck up nigger lover
(03:04 / All) TheGoldenDawn: family guy sucks and so do you
(03:04 / All) D.R.U.G.S: Kevin Love is the greatest player in the NBA
(03:13 / All) KOBE24: no hes not
(03:19 / All) D.R.U.G.S: Lebron ran from Cleveland
(03:30 / All) KOBE24: cause it sucked here
(03:30 / All) B0RN_IN_USSR.: SAD THING IS
(03:36 / All) D.R.U.G.S: yeah
(03:37 / All) KOBE24: u suck
(03:39 / All) B0RN_IN_USSR.: HE CAN JUST GO TO CLEVELAND AGAIN AND BE THE BEST TEAM NBA IS A JOKE NOW
(03:40 / All) D.R.U.G.S: He's isn't the greatest
(03:49 / All) KOBE24: yeah he is
(03:58 / All) D.R.U.G.S: Then he could have stayed in Cleveland and won
(03:59 / All) KOBE24: you cant make fun of him
(04:02 / All) KOBE24: hes a ring
(04:12 / All) B0RN_IN_USSR.: SHORTENED SEASON DONT COUNT NIGGER
(04:17 / All) D.R.U.G.S: because he had to have Wade get him one
(04:20 / All) D.R.U.G.S: Wade already had a ring
(04:41 / All) KOBE24: so did jordan kobe shaq
(04:46 / All) KOBE24: and everyone else
(04:59 / All) D.R.U.G.S: Kevin Love and Rubio greatest duo ever
(05:07 / All) KOBE24: jordan had pippen and shaq had kobe anr hory
(05:15 / All) KOBE24: no kobe and nash
(05:20 / All) D.R.U.G.S: Lebron had a good team
(05:27 / All) KOBE24: yes he did
(05:27 / All) D.R.U.G.S: he was winning 60 games a year he couldn't get it done
(05:33 / All) KOBE24: he got mvp thought
(06:00 / All) KOBE24: red is sucking my dick right now
(06:07 / All) B0RN_IN_USSR.: THIS GOD DAMN LEAY
(06:32 / All) TheGoldenDawn: What do you have against me buddy?
(06:44 / All) KOBE24: nothin
(09:09 / All) TheGoldenDawn: you piece of shit redhead stabber
(09:49 / All) TheGoldenDawn: 6 peons on gold
(09:50 / All) TheGoldenDawn: not anymore
(12:31 / All) D.R.U.G.S: lol
(13:02 / All) KOBE24: D.R.U.G.S does drugs
(13:21 / All) D.R.U.G.S: KEVIN LOVE UP IN THIS BITCHJ
(13:32 / All) TheGoldenDawn: wyrm/fiend lol
(13:36 / All) TheGoldenDawn: Why are UD on ladder so bad?
(13:39 / All) TheGoldenDawn: They can only do one thing
(14:20 / All) B0RN_IN_USSR.: way to suck teal i have like 2000 ping
(14:23 / All) B0RN_IN_USSR.: ND I SITLL RAPE U
(17:09 / All) B0RN_IN_USSR.: i love u #2!!!
(19:48 / All) D.R.U.G.S: lol
(21:39 / Allies) TheGoldenDawn: wood
(21:47 / Allies) TheGoldenDawn: ty
(27:42 / All) B0RN_IN_USSR.: pink has been afk forever
(30:51 / All) B0RN_IN_USSR.: sorry green, i am kind of new
(31:26 / All) TheGoldenDawn: is pink afk? he's so bad
(31:30 / All) B0RN_IN_USSR.: rice showed me the trick that peons mine gold quicker with tc aura
(31:37 / All) TheGoldenDawn: you didn't know that?
(31:47 / All) D.R.U.G.S: they get more lumber quicker
(31:53 / All) D.R.U.G.S: but they have a saturation
(31:55 / All) TheGoldenDawn: obviously, movement speed
(31:56 / All) D.R.U.G.S: 5 peons is max
(32:08 / All) D.R.U.G.S: unless you want less than 5 peons
(32:20 / All) TheGoldenDawn: why would you have a high lvl tc in your base all game for mining lol
(32:22 / All) TheGoldenDawn: useless
(33:26 / Allies) NoobOnYourTeam: wtf reD?
(33:36 / All) TheGoldenDawn: "wtf reD" - teal
(33:53 / All) TheGoldenDawn: free hero!
(34:22 / Allies) NoobOnYourTeam: you coulda won dat battle
(34:30 / Allies) TheGoldenDawn: could
(34:34 / All) B0RN_IN_USSR.: how about that elvis concert man
(34:51 / All) B0RN_IN_USSR.: rod being ruthless to green
(35:12 / All) D.R.U.G.S: korn sucks bitch
(35:38 / All) TheGoldenDawn: should have microed your towers
(35:43 / All) B0RN_IN_USSR.: i did
(35:45 / All) TheGoldenDawn: wtf was that
(35:45 / All) TheGoldenDawn: so bad
(35:51 / All) TheGoldenDawn: yeah on what? def not the heroes
(35:51 / All) B0RN_IN_USSR.: i did micro them they didnt touch u lawl
(35:58 / All) TheGoldenDawn: they killed a lot lol
(36:02 / All) TheGoldenDawn: did damage
(36:06 / All) TheGoldenDawn: you were awful at microing them
(36:10 / All) B0RN_IN_USSR.: they didnt, u had cloud too plus they were attacking each other
(36:17 / All) TheGoldenDawn: cloud works when dhawks die
(36:20 / All) B0RN_IN_USSR.: green just won that fight
(36:21 / All) TheGoldenDawn: from cl/dk
(36:43 / All) B0RN_IN_USSR.: watch the replay towers may have killed one unit im not even sure why u were focusing CL
(36:47 / All) TheGoldenDawn: they did damage
(36:50 / All) TheGoldenDawn: they didn't kill anything
(36:58 / All) B0RN_IN_USSR.: why would u focus DL tho he didnt have an army
(37:03 / All) TheGoldenDawn: he had no dl
(37:06 / All) B0RN_IN_USSR.: CL w/e
(37:16 / All) TheGoldenDawn: it's more dnagerous
(37:18 / All) B0RN_IN_USSR.: dont ever focus a CL with a DK
(37:23 / All) TheGoldenDawn: a lone dk does nothing
(37:34 / All) B0RN_IN_USSR.: it heals the CL thats hwy u lost the fight this isn't a debate
(37:41 / All) TheGoldenDawn: I misclicked the mana siphon onto a dhawk
(38:45 / All) B0RN_IN_USSR.: dont get mad at me cuz u cant kill one hero
(38:45 / All) B0RN_IN_USSR.: rod
(38:53 / All) TheGoldenDawn: I'm not really mad
(40:18 / All) D.R.U.G.S: pink kills me
(40:22 / All) D.R.U.G.S: he only ahjs the one rifle left
(40:27 / All) TheGoldenDawn: Pink was pretty funny
(40:29 / All) TheGoldenDawn: He was hilariously bad
(40:34 / All) TheGoldenDawn: idle army all game
(40:51 / All) FrEaKoNaLeAsh21: yea pink sucked dick
(40:55 / All) FrEaKoNaLeAsh21: korn sucks too
(40:59 / All) D.R.U.G.S: now he's dead
(42:42 / All) D.R.U.G.S: well that's that
(42:54 / All) D.R.U.G.S: I'm alt tabbing I think
(42:56 / All) TheGoldenDawn: Now only jake is left
(43:04 / All) D.R.U.G.S: I'm alt tabbing
(43:09 / 6) TheGoldenDawn: want to team him or no?
(43:19 / All) B0RN_IN_USSR.: rod dont get mad at me cuz u cant kill one hero
(43:20 / All) D.R.U.G.S: Don't got the time
(43:26 / All) TheGoldenDawn: I'm quivering in fear over losing one hero
(43:36 / All) B0RN_IN_USSR.: well u might have left the game
(43:38 / All) B0RN_IN_USSR.: like u always do
(43:40 / All) TheGoldenDawn: lol
(45:02 / All) TheGoldenDawn: sick reveal
(46:01 / All) TheGoldenDawn: sup
(47:14 / All) TheGoldenDawn: upgrade your raiders bro
(47:28 / All) TheGoldenDawn: You say you want it to be non-competitive and then do things like this
(47:35 / All) B0RN_IN_USSR.: u started it
(47:39 / All) B0RN_IN_USSR.: cuz u coudlnt kkill greens hero
(47:41 / All) TheGoldenDawn: not really
(48:00 / All) B0RN_IN_USSR.: u focus a CL and my towers kil my towers and u get nothing
(48:05 / All) TheGoldenDawn: I see
(49:11 / All) B0RN_IN_USSR.: lets play a new game this is almost over
(49:25 / All) TheGoldenDawn: Not even goign to fight back?
(49:28 / All) TheGoldenDawn: you couldn't beat me if you wanted to
(49:45 / All) B0RN_IN_USSR.: fine with me
(49:47 / All) TheGoldenDawn: I played terrible this game, I still easily beat you
(50:27 / All) TheGoldenDawn: I needed an excuse to attack you for a while now
(50:30 / All) D.R.U.G.S: you kill my army!
(50:34 / All) D.R.U.G.S: You will REGRET THIS
(50:35 / All) TheGoldenDawn: I did?
(50:40 / All) D.R.U.G.S: THIS BASTARD JACOB
(50:41 / All) TheGoldenDawn: he might have, I only hit his expo
(51:06 / All) TheGoldenDawn: so much for jake being #2 stabber and #3 in chain of command
(51:08 / All) B0RN_IN_USSR.: this game is over
(51:13 / All) B0RN_IN_USSR.: dragged on too much
(51:28 / All) D.R.U.G.S: He killed my army and took away control before I came back
(51:35 / All) B0RN_IN_USSR.: the game is over idiot
(51:37 / 6) TheGoldenDawn: want to team him next game for that for lulz?
(51:37 / All) B0RN_IN_USSR.: quit qhining
(51:42 / All) D.R.U.G.S: YOU DIDN'T NEED TO KILL MY ARMY
(51:47 / 5) D.R.U.G.S: yes
(51:49 / 6) TheGoldenDawn: kk
(51:50 / All) B0RN_IN_USSR.: blame rod not me
(51:55 / 6) TheGoldenDawn: I shall upload later due to this private chat
(52:04 / All) TheGoldenDawn: I didn't kill your army lol
(52:09 / 5) D.R.U.G.S: him (I mean
(52:11 / All) TheGoldenDawn: Why would he blame me?
(52:12 / 6) TheGoldenDawn: I know
(52:20 / 6) TheGoldenDawn: I meant to say I didn't kill his army
(52:45 / All) B0RN_IN_USSR.: im just gonna get kodos to level me a high ell account again and i have the password to both accounts, low ell is boring
(52:58 / All) TheGoldenDawn: Okay, go stab by yourself
(53:03 / All) D.R.U.G.S: why can't you get to high ell yourself buddy
(53:07 / All) B0RN_IN_USSR.: he is under orders to only talk to me on mugaroiscool, not any other accounts
(53:08 / All) TheGoldenDawn: He is a 40% player
(53:31 / All) B0RN_IN_USSR.: ur 6-2 account is really impressive turncoat
(53:34 / All) TheGoldenDawn: Jake can only do like 2 builds per race so it's easy to play against him
(53:51 / All) B0RN_IN_USSR.: i only right click with air and i have a 99% success rate doing this, i am content wiht it
(54:05 / All) TheGoldenDawn: most of my non heavy air games have been smoother
(54:11 / All) TheGoldenDawn: the ones I do with only turncoat
(54:13 / All) TheGoldenDawn: and I
(54:31 / All) B0RN_IN_USSR.: if u guys play together by urselves its only a matter of time until u stop playing together
(54:32 / All) TheGoldenDawn: sup
(54:49 / All) TheGoldenDawn: How so?
(55:02 / All) B0RN_IN_USSR.: are we gonna play a new game or what
(55:08 / All) D.R.U.G.S: why are you killing our shit anyway
(55:12 / All) D.R.U.G.S: teal is still here and our team left
(55:15 / All) B0RN_IN_USSR.: because rod was idiot
(55:15 / All) D.R.U.G.S: you must be retarded
(55:22 / All) TheGoldenDawn: I was only killing jake
(55:27 / All) D.R.U.G.S: you are the idiot
(55:45 / All) D.R.U.G.S: rod
(55:47 / All) D.R.U.G.S: kill this fucker
(55:52 / All) D.R.U.G.S: he's trying to give teal the win
(56:00 / 5) D.R.U.G.S: south right side
(56:09 / All) TheGoldenDawn: tryign to give teal the win?
(56:10 / All) B0RN_IN_USSR.: u already have too many towers i know u 2 can stop me im just pointlessly talking
(56:20 / All) B0RN_IN_USSR.: ok new accounts
(56:38 / All) D.R.U.G.S: kill your stuff teal is still here
(57:03 / All) TheGoldenDawn: shit lol was hoping tanks arrived for tp in time
(57:29 / All) D.R.U.G.S: he takes every opportunity to attack me when my guard is down
(57:33 / All) D.R.U.G.S: only time he can
(57:56 / All) TheGoldenDawn: He does that to everyone
(58:00 / All) TheGoldenDawn: he can never win head on
(58:03 / All) TheGoldenDawn: He is not a warrior
(59:46 / All) TheGoldenDawn: Jake said "you started it" but I wouldn't have attacked him if he didn't shit talk for it
(59:52 / All) NoobOnYourTeam: red why don't you win the game?
(60:00 / All) TheGoldenDawn: You get the loss
(60:03 / All) TheGoldenDawn: since their team all left
(60:05 / All) TheGoldenDawn: I'm 0-0 I don't care
(60:12 / All) NoobOnYourTeam: our team left as well though
(60:18 / All) D.R.U.G.S: this guy is blind was going to let teal win
(60:18 / All) TheGoldenDawn: you're still here
(60:30 / All) NoobOnYourTeam: so, i got backstabbed and still gave my resources?
(60:34 / All) TheGoldenDawn: yes
(60:41 / All) TheGoldenDawn: I've had people feed me while I kill them before
(60:59 / All) NoobOnYourTeam: so i don't understand why suicide then?
(61:07 / All) D.R.U.G.S: So you lose
(61:10 / All) TheGoldenDawn: ^^^^^^
(61:19 / All) NoobOnYourTeam: why though?
(61:22 / All) NoobOnYourTeam: what i do to you?
(61:25 / All) TheGoldenDawn: You existed
(61:28 / All) TheGoldenDawn: Your existence is an insult
(61:33 / All) TheGoldenDawn: Any last words?